 Dungeon Crawl Stone Soup version 0.30.1-4-g462c640d31 (webtiles) character file.

Game seed: 16439297789599037773

7 Gorgoleon the Vexing (level 1, -3/10 HPs)
             Began as a Deep Elf Enchanter on Aug 17, 2023.
             Slain by a hobgoblin (4 damage)
             ... on level 1 of the Dungeon.
             The game lasted 00:02:32 (196 turns).

Gorgoleon the Vexing (Deep Elf Enchanter)            Turns: 196, Time: 00:02:32

Health: -3/10      AC:  2    Str:  5    XL:     1   Next: 91%
Magic:  6/6        EV: 12    Int: 19    God:
Gold:   0          SH:  0    Dex: 15    Spells: 6/6 levels left

rFire   . . .        a - +1 dagger
rCold   . . .        (no shield)
rNeg    . . .        b - +0 robe
rPois   .            (no helmet)
rElec   .            (no cloak)
rCorr   .            (no gloves)
SInv    .            (no boots)
Will    .....        (no amulet)
Stlth   +++          (no ring)
HPRegen 0.21/turn    (no ring)
MPRegen 0.10/turn

%: no passive effects
@: no status effects
A: no striking features
a: no special abilities


You were on level 1 of the Dungeon.
You visited 1 branch of the dungeon, and saw 1 of its levels.

Inventory:

Hand Weapons
 a - a +1 dagger (weapon)
Armour
 b - a +0 robe (worn)
Scrolls
 d - a scroll of identify {unknown}
 e - a scroll of magic mapping {unknown}
Potions
 c - 2 potions of invisibility


   Skills:
 * Level 1.0 Short Blades
 * Level 2.4 Dodging
 * Level 4.0 Stealth
 - Level 3.0 Spellcasting
 * Level 4.3 Hexes


You had 6 spell levels left.
You didn't know any spells.
Your spell library contained the following spells:

 Spells                   Type           Power      Damage    Failure   Level
 Confusing Touch          Hex            19%        N/A       8%          3
 Tukima's Dance           Hex            19%        N/A       8%          3
 Ensorcelled Hibernation  Hex/Ice        22%        N/A       10%         2
 Sandblast                Erth           4%         2d4       16%         1
 Dazzling Flash           Conj/Hex       22%        N/A       19%         3
 Passwall                 Tmut/Erth      1%         N/A       22%         2
 Stone Arrow              Conj/Erth      4%         3d7       41%         3


Dungeon Overview and Level Annotations

Branches:
Dungeon (1/15)

Altars:


Message History

You barely miss the kobold.
The kobold is severely wounded.
The kobold hits you with a +0 whip.
You hit the kobold but do no damage.
The kobold is severely wounded.
The kobold hits you with a +0 whip.
You hit the kobold but do no damage.
The kobold is severely wounded.
The kobold misses you.
You hit the kobold.
You kill the kobold!
Your Stealth skill increases to level 4!
e - a scroll labelled ARGHUDA JECKE
Things that are here:
a +0 whip; 3 stones A jackal comes into view.
Things that are here:
a +0 whip; 3 stones The hobgoblin shouts!
You hear a bark!
The jackal barks!
A rat comes into view.
A jackal comes into view.
Things that are here:
a +0 whip; 3 stones You completely miss the hobgoblin.
The hobgoblin barely misses you.
You barely miss the hobgoblin. The hobgoblin closely misses you.
You closely miss the hobgoblin.
A kobold comes into view. It is wielding a +0 dagger.
The hobgoblin hits you.
You closely miss the hobgoblin. The hobgoblin closely misses you.
The kobold shouts!
You hit the hobgoblin but do no damage. The hobgoblin hits you.
Okay, then.
You don't know any spells.
You hit the hobgoblin but do no damage. The hobgoblin hits you.
* * * LOW HITPOINT WARNING * * *
You hit the hobgoblin but do no damage. The hobgoblin barely misses you.
You hit the hobgoblin.
The hobgoblin is heavily wounded.
The hobgoblin hits you.
You die...

##.##.#..# ###.....#
#....†#
.#######.....########
.......+.....+......#
.............###.##.#
.+########'.###..##.#
........#.###.###K#####
.+####+.#.....@ghh....#
#.#..######.###.#
#.#..# #.# #†#..# #.#
#.#.†# #......# +.#..#
#..#h#.# ..#..#
#..#.#.# ##+..# ## #.#
# ..[# ..#


You could see 2 jackals, a hobgoblin and a kobold.

Vanquished Creatures
  A giant cockroach (D:1)
  2 jackals (D:1)
  A kobold (D:1)
  A ball python (D:1)
  A bat (D:1)
  A rat (D:1)
7 creatures vanquished.

Notes
Turn   | Place    | Note
-------+----------+-------------------------------------------
     0 | D:1      | Gorgoleon the Deep Elf Enchanter began the quest for the
                  | Orb.
     0 | D:1      | Reached XP level 1. HP: 10/10 MP: 6/6
   196 | D:1      | Slain by a hobgoblin

Illustrated notes

Levels and vault maps discovered:
D:1:      lightli_arrival_flooded_house, layout_basic, st_stairs_7, minivault_11

Skill      XL: |  1 |
---------------+----+-----
Stealth        | 4 |  4.0
Short Blades   | |  1.0
Dodging        | |  2.4
Spellcasting   | |  3.0
Hexes          | |  4.3

Action                     || total
---------------------------++-------
  Melee: Dagger            ||    41
   Stab: Sleeping          ||     1
 Armour: Robe              ||     5
  Dodge: Dodged            ||    22
